Map: 사이버 포레스트 - 래더

Players

KeeN - Winner!

  • Race: Terran Terran
  • League: Master
  • Spawn Location: 11:00

INnoVation

  • Race: Terran Terran
  • League: Grandmaster
  • Spawn Location: 5:00

VOD

Have the link to the VOD?

Description

Time

  • Played on: June 18, 2019, 9:24 a.m.
  • Length: 7:55
Show
View Real Time Build Order
Export as new Build Order

KeeN Terran - Winner!

Build Orders: Mech 

Get SALT Encoding   

  12  0:00  SCV  
  13  0:13  SCV  
  14  0:17  Supply Depot  
  14  0:25  SCV  
  14  0:28  Refinery  
  15  0:38  SCV  
  16  0:44  Barracks  
  16  0:51  SCV  
  16  0:55  Refinery  
  17  1:03  SCV  
  18  1:15  SCV  
  19  1:30  Orbital Command  
  19  1:32  Reaper  
  20  1:35  Factory  
  20  1:43  Supply Depot  
  20  1:56  SCV  
  21  2:04  Reaper  
  22  2:08  SCV  
  23  2:18  Hellion  
  23  2:20  SCV  
  26  2:29  Command Center  
  26  2:33  SCV  
  27  2:39  Reaper  
  27  2:40  Widow Mine  
  27  2:41  Supply Depot  
  30  2:45  SCV  
  31  2:51  Starport  
  31  3:03  SCV  
  31  3:04  Factory Tech Lab  
  32  3:12  Barracks Reactor  
  32  3:15  SCV  
  33  3:25  Cyclone  
  36  3:27  SCV  
  36  3:29  Refinery  
  36  3:30  Starport Tech Lab  
  37  3:39  SCV  
  37  3:41  Orbital Command  
  38  3:50  Marine x2  
  38  3:51  SCV  
  38  3:55  Raven  
  43  4:03  SCV  
  43  4:05  Refinery  
  43  4:07  Supply Depot, SCV  
  43  4:08  Marine x2  
  43  4:09  Cyclone  
  50  4:15  SCV  
  51  4:20  SCV  
  51  4:21  Supply Depot  
  52  4:26  Marine x2  
  52  4:28  SCV  
  55  4:32  SCV  
  55  4:37  Raven  
  58  4:42  Supply Depot  
  58  4:43  Siege Tank  
  58  4:45  SCV x2  
  63  4:57  Marine x2  
  63  4:58  SCV x2  
  67  5:02  Factory  
  67  5:05  Factory  
  67  5:07  Supply Depot  
  67  5:13  SCV x2  
  69  5:19  Supply Depot  
  69  5:22  Siege Tank  
  69  5:25  SCV  
  73  5:29  SCV  
  73  5:34  Mag-Field Accelerator  
  74  5:38  Supply Depot, SCV  
  74  5:42  SCV  
  76  5:45  Barracks Reactor  
  76  5:54  Siege Tank  
  76  5:55  Siege Tank  
  84  5:58  Viking  
  84  6:03  Supply Depot, Hellion  
  86  6:05  Hellion  
  86  6:08  Supply Depot  
  88  6:21  Supply Depot  
  88  6:24  Hellion  
  90  6:26  Hellion  
  90  6:27  Cyclone x2  
  90  6:32  Supply Depot  
  98  6:34  Viking  
  98  6:35  Viking  
  102  6:46  Supply Depot, Hellion  
  104  6:47  Hellion  
  106  6:59  Cyclone x2  
  112  7:04  Viking  
  112  7:05  Viking  
  112  7:07  Hellion  
  118  7:09  Hellion  
  120  7:18  Supply Depot, SCV  
  120  7:19  SCV  
  115  7:35  SCV  
  115  7:36  SCV  
Show
View Real Time Build Order
Export as new Build Order

INnoVation Terran 

Build Orders: Cyclone Opening 

Get SALT Encoding   

  12  0:01  SCV  
  13  0:13  SCV  
  14  0:17  Supply Depot  
  14  0:25  SCV  
  15  0:29  Refinery  
  15  0:38  SCV  
  16  0:45  Barracks  
  16  0:50  SCV  
  16  0:55  Refinery  
  17  1:02  SCV  
  18  1:14  SCV  
  19  1:31  Orbital Command  
  19  1:32  Factory  
  19  1:34  Reaper  
  20  1:43  Supply Depot  
  20  1:57  SCV  
  21  2:06  Reaper  
  22  2:09  SCV  
  23  2:16  Factory Tech Lab  
  23  2:21  SCV  
  24  2:24  Command Center  
  24  2:34  Cyclone, SCV  
  28  2:39  Barracks Reactor  
  28  2:43  Supply Depot  
  28  2:46  SCV  
  29  2:55  Starport  
  29  2:59  SCV  
  30  3:06  Widow Mine  
  30  3:11  SCV  
  33  3:19  Marine x2  
  35  3:23  SCV  
  34  3:34  Refinery  
  34  3:35  SCV  
  34  3:37  Orbital Command, Marine x2  
  34  3:40  Raven  
  39  3:41  Factory Tech Lab  
  39  3:47  SCV  
  40  3:56  Marine x2  
  40  3:59  SCV  
  46  4:02  Siege Tank  
  46  4:03  SCV  
  46  4:06  Supply Depot  
  47  4:11  SCV  
  47  4:14  Marine x2  
  50  4:18  SCV  
  50  4:22  Supply Depot  
  50  4:23  SCV  
  52  4:26  Raven  
  52  4:30  SCV  
  55  4:33  Marine x2  
  55  4:35  SCV  
  58  4:42  Siege Tank  
  58  4:44  SCV  
  58  4:45  Supply Depot  
  62  4:48  SCV  
  62  4:51  Marine x2  
  65  4:59  SCV  
  66  5:00  SCV  
  66  5:04  Command Center  
  67  5:09  Raven, Marine x2  
  67  5:10  Supply Depot  
  71  5:14  Refinery, SCV  
  71  5:16  SCV  
  71  5:22  Siege Tank  
  71  5:26  SCV  
  75  5:28  SCV  
  75  5:30  Marine  
  75  5:32  Marine  
  75  5:33  Supply Depot  
  78  5:39  SCV  
  78  5:40  SCV  
  80  5:51  SCV, Barracks  
  80  5:52  Barracks  
  80  5:53  SCV  
  82  5:59  Viking  
  82  6:01  Viking  
  86  6:04  SCV  
  86  6:05  SCV  
  88  6:15  Engineering Bay  
  88  6:16  SCV  
  88  6:17  Orbital Command  
  88  6:18  Engineering Bay  
  89  6:19  SCV  
  90  6:28  SCV  
  90  6:31  Viking, SCV  
  90  6:32  Supply Depot  
  94  6:34  Viking  
  94  6:39  Barracks Tech Lab, Barracks Reactor  
  96  6:40  SCV  
  96  6:43  Orbital Command, SCV  
  98  6:52  Supply Depot  
  98  6:53  SCV  
  99  6:55  SCV  
  99  7:00  Barracks  
  100  7:01  Barracks  
  100  7:07  Medivac x2  
  104  7:09  SCV  
  104  7:11  SCV x2  
  104  7:12  Refinery  
  107  7:16  Refinery  
  107  7:23  Supply Depot  
  107  7:24  SCV x3  
  107  7:25  Supply Depot  
  108  7:32  Marine x2, Marauder x2  
  108  7:36  SCV x3  
Tags
 
Add a new tag
Caveats
  • Supply blocks, unpowered buildings, or Contaminate may cause inaccurate times.
  • Supply counts are checked every 10 seconds.